 Dungeon Crawl Stone Soup version 0.29-a0-1033-gb6c65ffae6 (webtiles) character file.

Game seed: 13921005896302146058

611 Zonian the Sneak (level 7, -2/32 HPs)
             Began as a Vine Stalker Ice Elementalist on Aug 15, 2022.
             Was an Initiate of Ashenzari.
             Slain by Duvessa
             ... wielding a +0 short sword
              (7 damage)
             ... on level 4 of the Dungeon.
             The game lasted 00:13:02 (5679 turns).

Zonian the Sneak (Vine Stalker Ice Elementalist)    Turns: 5679, Time: 00:13:03

Health: -2/32      AC:  4    Str: 11    XL:     7   Next: 43%
Magic:  0/15       EV: 12    Int: 17    God:    Ashenzari [......]
Gold:   150        SH:  0    Dex: 14    Spells: 8/15 levels left

rFire   . . .      SeeInvis .   k - +0 hand axe (elec)
rCold   . . .      Faith    .   (no shield)
rNeg    . . .      Spirit   +   a - +0 robe
rPois   .          Reflect  .   e - +1 helmet
rElec   .          Harm     .   (no cloak)
rCorr   .          Rampage  .   (no gloves)
Will    .....                   (no boots)
Stlth   +++.......              o - amulet of Ashenzari's Ordeal {Regen+, Bglg, Comp} (curse)
HPRegen 1.70/turn               (no ring)
MPRegen 0.14/turn               (no ring)

@: freezing walls
A: fangs 2, regeneration 1, magic shield, antimagic bite, no potion heal 2
a: Renounce Religion, Shatter the Chains


You were on level 4 of the Dungeon.
You worshipped Ashenzari.
Ashenzari was noncommittal.
You visited 1 branch of the dungeon, and saw 4 of its levels.

You collected 150 gold pieces.

Inventory:

Hand Weapons
 c - a +0 whip
 h - a +0 hand axe
 j - a +0 short sword
 k - a +0 hand axe of electrocution (weapon)
 q - a +1 flail of protection
Missiles
 d - 5 curare-tipped darts
 p - 2 poisoned darts
Armour
 a - a +0 robe (worn)
 e - a +1 helmet (worn)
Jewellery
 o - the cursed amulet of Ashenzari's Ordeal (around neck) {Regen+, Bglg, Comp}
   (You found it on level 3 of the Dungeon)

   [amulet of regeneration]

   Regen:     It increases your rate of health regeneration.
   It has a curse which improves the following skills: Beguiling: Conjurations,
   Hexes and Translocations.
   Companions: Summonings and Necromancy.
 r - a ring of fire
Wands
 u - a wand of mindburst (4)
Scrolls
 f - 2 scrolls of fog
 n - a scroll of teleportation
 t - a scroll of fear {unknown}
Potions
 g - 3 potions of curing
 i - a potion of mutation {unknown}
 l - a potion of flight
 m - a potion of ambrosia {unknown}
 s - a potion of heal wounds {unknown}
 v - a potion of might {unknown}


   Skills:
 - Level 1.9 Dodging
 + Level 6.2 Stealth
 + Level 4.9 Spellcasting
 + Level 6.0 Ice Magic


You had 8 spell levels left.
You knew the following spells:

 Your Spells              Type           Power      Damage    Failure   Level
a - Freeze                Ice            96%        1d11      1%          1
b - Frozen Ramparts       Ice            48%        1d8       3%          3
c - Ozocubu's Armour      Ice            24%        N/A       3%          3

Your spell library contained the following spells:

 Spells                   Type           Power      Damage    Failure   Level
 Foxfire                  Conj/Fire      16%        2x1d4     14%         1
 Static Discharge         Conj/Air       4%         3-4/arc   22%         2
 Conjure Flame            Conj/Fire      4%         6-21      38%         3
 Gell's Gravitas          Tloc           4%         N/A       38%         3
 Inner Flame              Hex/Fire       4%         N/A       38%         3
 Teleport Other           Tloc           4%         N/A       38%         3
 Hailstorm                Conj/Ice       14%        3d5       38%         4
 Dispel Undead            Necr           4%         3d7       80%         4
 Flame Wave               Conj/Fire      4%         2d5       80%         4
 Sticky Flame             Conj/Fire      4%         2d3       80%         4
 Dispersal                Tloc           2%         N/A       100%        6


Dungeon Overview and Level Annotations

Branches:
Dungeon (4/15)
 Temple: D:4-7

Altars:
Ashenzari

Annotations:
D:2 1 runed translucent door, Crazy Yiuf
D:3 Grinder, Natasha
D:4 Duvessa


Innate Abilities, Weirdness & Mutations

You have extremely sharp teeth.
Your natural rate of healing is unusually fast.
When hurt, damage is shared between your health and your magic reserves.
Your bite disrupts and absorbs the magic of your enemies.
Potions cannot restore your health.


Message History

The wall freezes Dowan.
You kill Dowan!
Duvessa screams, "No!
How DARE you!"
Duvessa goes berserk!
Your Ice Magic skill increases to level 6!
Unknown command.
Casting: Freeze (safe; 1% risk of failure)
Confirm with . or Enter, or press ? or * to list all spells.
Aiming: Freeze (safe; 1% risk of failure)
Press: ? - help, Shift-Dir - straight line, f/p - Duvessa
Aim: Duvessa, wielding a +0 short sword and wearing a +3 leather armour of cold resistance (severely wounded, berserk)
You freeze Duvessa.
Duvessa resists.
Duvessa is severely wounded.
The adder hisses angrily.
Duvessa resists.
The wall freezes Duvessa.
Duvessa hits you with a +0 short sword!
* * * LOW HITPOINT WARNING * * *
Casting: Freeze (safe; 1% risk of failure)
Confirm with . or Enter, or press ? or * to list all spells.
Aiming: Freeze (safe; 1% risk of failure)
Press: ? - help, Shift-Dir - straight line, f/p - Duvessa
Aim: Duvessa, wielding a +0 short sword and wearing a +3 leather armour of cold resistance (severely wounded, berserk)
Okay, then.
Okay, then.
Okay, then.
Okay, then.
Okay, then.
Casting: Freeze (safe; 1% risk of failure)
Confirm with . or Enter, or press ? or * to list all spells.
You don't know that spell.
Casting: Freeze (safe; 1% risk of failure)
Confirm with . or Enter, or press ? or * to list all spells.
Aiming: Freeze (safe; 1% risk of failure)
Press: ? - help, Shift-Dir - straight line, f/p - Duvessa
Aim: Duvessa, wielding a +0 short sword and wearing a +3 leather armour of cold resistance (severely wounded, berserk)
You freeze Duvessa.
Duvessa resists.
Duvessa is severely wounded.
Duvessa resists.
The wall freezes Duvessa.
Duvessa hits you with a +0 short sword!
You die...

....
#...#....#.....
♣...
##.....#....###
...♣
##..####..## ...
#.## ##.## # ..
##.# #..# #.
#.## ###..# ##.#
#..#..####....##
#.##
#....S##e..##..#
#..#
#.....†)@#####.#
##.##
#..####.### #.##
##... ..# #.##
#..# ##.... .
##.#
##.####.###. #.#
##....#.## #.
#.##
##.####.######
##.# #.##
#....... ### ###
#...#### #####


You could see Duvessa (berserk) and an adder.

Vanquished Creatures
  A phantom (D:4)
  3 scorpions (D:4)
  Dowan (D:4)
  2 jellies (D:4)
  3 hounds (D:4)
  4 adders
  4 gnolls
  2 dart slugs
  10 orcs (D:3)
  7 ball pythons
  7 bats
  5 endoplasms
  4 giant cockroaches
  6 goblins
  9 hobgoblins
  7 jackals (D:4)
  11 kobolds
  5 quokkas
  3 frilled lizards
  2 rats
96 creatures vanquished.

Notes
Turn   | Place    | Note
-------+----------+-------------------------------------------
     0 | D:1      | Zonian the Vine Stalker Ice Elementalist began the quest
                  | for the Orb.
     0 | D:1      | Reached XP level 1. HP: 9/9 MP: 4/4
   526 | D:1      | Reached XP level 2. HP: 8/13 MP: 0/6
  1556 | D:1      | Reached XP level 3. HP: 16/16 MP: 4/8
  1893 | D:1      | Learned a level 3 spell: Frozen Ramparts
  1897 | D:1      | Learned a level 3 spell: Ozocubu's Armour
  2443 | D:2      | Gained mutation: Your natural rate of healing is unusually
                  | fast. [Vine Stalker growth]
  2443 | D:2      | Reached XP level 4. HP: 21/21 MP: 6/9
  2760 | D:2      | Found a runed translucent door.
  2761 | D:2      | Noticed Crazy Yiuf
  3189 | D:3      | Noticed Natasha
  3832 | D:3      | Reached XP level 5. HP: 21/24 MP: 7/10
  4016 | D:3      | Noticed Grinder
  4019 | D:3      | Paralysed by Grinder for 4 turns
  4441 | D:3      | Reached skill level 5 in Ice Magic
  4670 | D:4      | Found a broken altar of Ashenzari.
  4678 | D:4      | Became a worshipper of Ashenzari the Shackled
  4719 | D:4      | Reached skill level 5 in Stealth
  4719 | D:4      | Reached XP level 6. HP: 21/28 MP: 4/13
  4901 | D:4      | Reached XP level 7. HP: 20/32 MP: 8/14
  5177 | D:4      | Noticed Duvessa
  5502 | D:4      | Noticed Dowan
  5677 | D:4      | Killed Dowan
  5679 | D:4      | Slain by Duvessa

Illustrated notes

Levels and vault maps discovered:
D:1:      spicycebolla_arrival_ecumenical, layout_loops_ring
D:2:      layout_loops_ring, chequers_serial_rivers_micro_c,
          uniq_crazy_yiuf_cottage
D:3:      layout_basic, uniq_natasha, uniq_grinder
D:4:      layout_layer_cave, old_standard_altar, fedhas_altar_fruit_tree,
          minmay_circle_x, uniq_duvessa

Skill      XL: |  1  2  3  4  5  6  7 |
---------------+----------------------+-----
Stealth        | 3 4 5 6 |  6.2
Spellcasting   | 3 4 |  4.9
Ice Magic      | 5 6 |  6.0
Dodging        | |  1.9

Action                   |  1- 3 |  4- 6 |  7- 9 || total
-------------------------+-------+-------+-------++-------
Melee: Unarmed           |    16 |       |       ||    16
       Bite              |    10 |    29 |    10 ||    49
       Punch             |     2 |     3 |       ||     5
       Whip              |    14 |       |       ||    14
       Short sword       |     6 |     1 |       ||     7
       Hand axe          |       |   108 |    33 ||   141
 Cast: Freeze            |    44 |    26 |     6 ||    76
       Frozen Ramparts   |       |     1 |     2 ||     3
Invok: Curse Item        |       |       |     1 ||     1
Evoke: Wand              |       |       |     1 ||     1
  Use: Scroll            |       |     5 |     2 ||     7
       Potion            |       |       |     1 ||     1
 Stab: Sleeping          |     2 |     1 |       ||     3
Armor: Robe              |    10 |    18 |    12 ||    40
Dodge: Dodged            |    47 |    99 |    20 ||   166

Table legend: (Time is in decaauts)
 A = Elapsed time spent in this place.
 B = Non-inter-level travel time spent in this place.
 C = Inter-level travel time spent in this place.
 D = Time resting spent in this place.
 E = Time spent auto-exploring this place.
 F = Levels seen in this place.
 G = Mean time per level.
                   A        B        C        D        E       F      G
               +--------+--------+--------+--------+--------+-----+--------+
         Total |   5720 |   5645 |     75 |   1480 |   2744 |   4 | 1430.0 |
       Dungeon |   5720 |   5645 |     75 |   1480 |   2744 |   4 | 1430.0 |
               +--------+--------+--------+--------+--------+-----+--------+

Top non-repeatable levels by time:
     D:1: 2068 daAuts
     D:3: 1466 daAuts
     D:4: 1210 daAuts
     D:2: 974 daAuts
